[ AOE2 MATCH · #477733789 ]
UnrankedVietnamese vs Franks
[ REPLAY ANALYSIS · EXTRACTED FROM THE RECORDED GAME ]
Feudal
—
Castle
—
Imperial
—
| APM avg | 5.1 |
| APM peak | 11 |
| eAPM avg | 3.9 |
| Villagers / military | 6 / 0 |
Focus
⚔️ 0.0% · 🌾 100.0%
Feudal
—
Castle
—
Imperial
—
| APM avg | 40.1 |
| APM peak | 54 |
| eAPM avg | 4.5 |
| Villagers / military | 0 / 0 |
Focus
⚔️ 0.0% · 🌾 100.0%
Feudal
—
Castle
—
Imperial
—
| APM avg | 22.6 |
| APM peak | 45 |
| eAPM avg | 7.9 |
| Villagers / military | 12 / 0 |
Focus
⚔️ 14.3% · 🌾 85.7%
Feudal
—
Castle
—
Imperial
—
| APM avg | 22.7 |
| APM peak | 78 |
| eAPM avg | 2.6 |
| Villagers / military | 0 / 0 |
Focus
⚔️ 0.0% · 🌾 100.0%
Feudal
—
Castle
—
Imperial
—
| APM avg | 24.5 |
| APM peak | 34 |
| eAPM avg | 12.2 |
| Villagers / military | 19 / 0 |
Focus
⚔️ 7.2% · 🌾 92.8%
Feudal
—
Castle
—
Imperial
—
| APM avg | 8.2 |
| APM peak | 22 |
| eAPM avg | 2.8 |
| Villagers / military | 6 / 0 |
Focus
⚔️ 0.0% · 🌾 100.0%
Feudal
—
Castle
—
Imperial
—
| APM avg | 9.0 |
| APM peak | 16 |
| eAPM avg | 3.1 |
| Villagers / military | 5 / 0 |
Focus
⚔️ 0.0% · 🌾 100.0%
Feudal
—
Castle
—
Imperial
—
| APM avg | 24.9 |
| APM peak | 71 |
| eAPM avg | 5.4 |
| Villagers / military | 7 / 0 |
Focus
⚔️ 12.0% · 🌾 88.0%
Match map
Initial resources + every placement click. Lines = walls · curves = elevation contours. ◆ gold · ⬟ stone · ● berries · ✦ relic · ◌ wall gap
Your base
deliciousme.'s base
markma1117's base
edmundleung0814's base
pouny55's base
Phantomking's base
texas190789's base
鹰's base
Smoothed initial terrain · ◌ = detected wall gap · hover for details
Inputs per minute
— Dickinho - - deliciousme.
Build order — Dickinho
12 actions detected in the replay
| 0:26 | Build | Town Center |
| 2:34 | Create | Villager (Male) |
| 2:42 | Build | House |
| 3:24 | Create | Villager (Male) |
| 3:25 | Create | Villager (Male) |
| 3:28 | Create | Villager (Male) |
| 3:44 | Build | House |
| 4:10 | Build | Mill |
| 5:02 | Create | Villager (Male) |
| 5:31 | Build | Farm |
| 6:10 | Create | Villager (Male) |
| 6:45 | Build | Farm |
Build order — deliciousme.
3 actions detected in the replay
| 0:01 | Build | House |
| 3:56 | Build | House |
| 5:06 | Build | Town Center |
Build order — markma1117
18 actions detected in the replay
| 0:37 | Build | House |
| 0:45 | Build | Town Center |
| 1:01 | Build | Town Center |
| 3:05 | Create | Villager (Male) |
| 3:05 | Create | Villager (Male) |
| 3:05 | Create | Villager (Male) |
| 3:13 | Create | Villager (Male) |
| 3:23 | Research | Loom |
| 3:24 | Create | Villager (Male) |
| 3:24 | Create | Villager (Male) |
| 3:24 | Create | Villager (Male) |
| 3:24 | Create | Villager (Male) |
| 3:47 | Build | House |
| 5:11 | Build | House |
| 5:41 | Create | Villager (Male) |
| 5:44 | Create | Villager (Male) |
| 6:25 | Create | Villager (Male) |
| 6:25 | Create | Villager (Male) |
Build order — edmundleung0814
9 actions detected in the replay
| 2:08 | Build | House |
| 2:18 | Build | House |
| 2:24 | Build | House |
| 2:30 | Build | House |
| 2:35 | Build | House |
| 2:41 | Build | House |
| 2:51 | Build | House |
| 2:56 | Build | House |
| 3:57 | Build | Town Center |
Build order — pouny55
26 actions detected in the replay
| 0:20 | Build | House |
| 0:38 | Build | Town Center |
| 0:48 | Build | House |
| 1:19 | Build | House |
| 2:58 | Research | Loom |
| 2:58 | Research | Loom |
| 2:58 | Research | Loom |
| 2:59 | Create | Villager (Male) |
| 2:59 | Create | Villager (Male) |
| 2:59 | Create | Villager (Male) |
| 2:59 | Create | Villager (Male) |
| 3:00 | Create | Villager (Male) |
| 4:21 | Create | Villager (Male) |
| 4:21 | Create | Villager (Male) |
| 4:21 | Create | Villager (Male) |
| 4:47 | Create | Villager (Male) |
| 4:48 | Create | Villager (Male) |
| 4:48 | Create | Villager (Male) |
| 5:27 | Create | Villager (Male) |
| 5:27 | Create | Villager (Male) |
| 5:28 | Create | Villager (Male) |
| 5:28 | Create | Villager (Male) |
| 6:27 | Create | Villager (Male) |
| 6:27 | Create | Villager (Male) |
| 6:27 | Create | Villager (Male) |
| 6:28 | Create | Villager (Male) |
Build order — Phantomking
10 actions detected in the replay
| 3:03 | Build | Town Center |
| 3:09 | Build | House |
| 3:36 | Build | House |
| 5:04 | Research | Loom |
| 5:53 | Create | Villager (Male) |
| 5:54 | Create | Villager (Male) |
| 5:54 | Create | Villager (Male) |
| 5:54 | Create | Villager (Male) |
| 5:54 | Create | Villager (Male) |
| 5:55 | Create | Villager (Male) |
Build order — texas190789
9 actions detected in the replay
| 1:23 | Build | Town Center |
| 2:22 | Build | House |
| 4:06 | Research | Loom |
| 4:45 | Create | Villager (Male) |
| 4:45 | Create | Villager (Male) |
| 4:45 | Create | Villager (Male) |
| 4:45 | Create | Villager (Male) |
| 4:45 | Create | Villager (Male) |
| 5:03 | Build | Mill |
Build order — 鹰
19 actions detected in the replay
| 1:48 | Build | Town Center |
| 3:10 | Build | House |
| 3:13 | Build | House |
| 3:15 | Build | House |
| 3:55 | Create | Villager (Male) |
| 3:55 | Create | Villager (Male) |
| 3:56 | Research | Loom |
| 4:40 | Build | House |
| 4:49 | Create | Villager (Male) |
| 4:49 | Create | Villager (Male) |
| 4:58 | Create | Villager (Male) |
| 5:03 | Build | Palisade Wall |
| 5:05 | Build | Palisade Wall |
| 5:13 | Build | Palisade Gate |
| 5:15 | Build | House |
| 5:21 | Build | House |
| 5:51 | Build | House |
| 6:21 | Create | Villager (Male) |
| 6:43 | Create | Villager (Male) |
Match timeline
| 5:03 | 鹰 · wall_segment Palisade Wall x3 |
| 5:05 | 鹰 · wall_segment Palisade Wall x1 |
| 6:10 | edmundleung0814 · resign |
[ AI ANALYSIS · 1 CREDIT ]
What really happened in this match?
Wolo.gg analyzes every decision: build order, eco, micro, common mistakes by bracket. Personalized analysis on WhatsApp or Discord in 30 seconds.
Civ guide
Vietnamese
Perfil
Jugador #19089540